Unix NetHack Version 5.0.0-0 post-release - last build May 31 2026 23:59:36 (970b52f25bf058293b47ddfd14a1e40e571c508c,branch:main).

Game began 2026-06-04 15:31:38, ended 2026-06-04 16:10:04.

DiePARTEI, neutral female human Tourist

         ----------     -------
         |........|    #..>....###                               -------
         |.........#####|.....|  #                               $$$$$$
         |........|    #|.....|  ##                              $$.$
         -.--------    #-------   ###---------------            $$$
          ##           ###          #|.d@d.........|          #.$
           ###         ##############|.ddd..........#         #
             ##          ##       ###...(.....{....|%#        #
              ###              ####  |..............##        #
                ####           #     --------------- ###      #
           --------|------   ###                      ####### #
           |..............  ##                        #  -----#
           |.............| ##                         #  |<..|#     -----.----
           |.....G........##                          ###-..f+#     |........|
           |.._..........|                               |...|#     |........|
           |..........`..|                               ---.-#     |........|
           ---------------                                  # ######.........|
                                                                    ----------

DiePARTEI the Excursionist  St:10 Dx:11 Co:17 In:12 Wi:9 Ch:18  Neutral
Dlvl:6  $:787 HP:0(60) Pw:22(22) AC:1  Xp:6 T:4897  Burdened

Latest messages:
 The giant bat bites!
 The giant bat misses!
 The giant bat bites!
 The giant bat misses!
 In what direction? 7
 You throw 2 darts.
 The 1st dart hits the giant bat.
 The 2nd dart misses the giant bat.
 The giant bat bites!
 The giant bat bites!
 You hear a wolf howling at the moon.
 You have no ammunition readied.
 What do you want to fire? [$atLR or ?*] <enter>
 Never mind.
 What do you want to ready? [$atLR or ?*] a
 a - 5 +3 darts (at the ready).
 In what direction? 7
 You kill the giant bat!
 You have a little trouble lifting F - 2 blessed darts.
 a - a +3 dart (at the ready) (5 in total).
 The werewolf changes into a wolf.
 The werewolf misses!
 In what direction? 1
 The dart hits the werewolf!
 The werewolf bites!
 In what direction? 1
 The dart hits the werewolf!
 The werewolf changes into a human.
 The werewolf summons help!
 A wolf suddenly appears next to you!
 A warg suddenly appears next to you!
 A wolf suddenly appears next to you!
 A wolf suddenly appears next to you!
 The werewolf hits!
 In what direction? 1
 You throw 2 darts.
 The 1st dart hits the werewolf!
 The 2nd dart hits the werewolf!
 The wolf bites!
 The wolf bites!
 The warg bites!
 The wolf bites!
 The werewolf changes into a wolf.
 The werewolf bites!
 The wolf bites!
 The wolf misses!
 The warg bites!
 You die...
 Do you want your possessions identified? [ynq] (y) y
 Do you want to see your attributes? [ynq] (y) q

Inventory:
 Coins    ('$')
  $ - 787 gold pieces
 Amulets  ('"')
  O - an uncursed amulet of unchanging (being worn)
 Weapons  (')')
  F - 2 blessed +0 darts
  a - a +3 dart (at the ready)
  R - a +0 orcish dagger
  t - a corroded +0 orcish dagger
  L - a blessed +4 axe
 Armor    ('[')
  M - an uncursed +0 dwarvish iron helm (being worn)
  S - an uncursed +0 orcish helm
  N - an uncursed +0 pair of iron shoes (being worn)
  n - an uncursed +0 Uruk-hai shield (being worn)
  Z - an uncursed +0 mummy wrapping (being worn)
  k - an uncursed +0 Hawaiian shirt with a parrot motif (being worn)
  p - a blessed rusty -1 splint mail (being worn)
 Comestibles  ('%')
  f - an uncursed slime mold
  e - an uncursed apple
  c - 5 uncursed food rations
  d - an uncursed fortune cookie
 Scrolls  ('?')
  P - 4 uncursed scrolls of blank paper
  W - a blessed scroll of genocide
  u - a cursed scroll of genocide
  V - an uncursed scroll of gold detection
  B - an uncursed scroll of light
  j - a blessed scroll of magic mapping
  i - 3 uncursed scrolls of magic mapping
  G - an uncursed scroll of teleportation
 Potions  ('!')
  E - an uncursed potion of gain energy
  z - an uncursed potion of monster detection
  J - an uncursed potion of restore ability
  w - an uncursed potion of see invisible
  o - 2 potions of holy water
 Rings    ('=')
  U - an uncursed ring of free action (on left hand)
 Wands    ('/')
  Q - a wand of light (0:10)
  q - a wand of magic missile (0:7)
  x - a wand of magic missile (0:4)
 Tools    ('(')
  K - a bag of tricks (0:5)
  m - an uncursed credit card
  l - an expensive camera (0:42)
  C - an uncursed mirror
  h - a blessed tallow candle
 Gems/Stones  ('*')
  H - an uncursed jasper stone
  I - an uncursed worthless piece of violet glass
  r - 4 uncursed worthless pieces of white glass
  Y - an uncursed worthless piece of yellow glass

DiePARTEI the Tourist's attributes:

Background:
 You were an Excursionist, a level 6 female human Tourist.
 You were neutral, on a mission for The Lady
 who was opposed by Blind Io (lawful) and Offler (chaotic).
 You were right-handed.
 You were in the Dungeons of Doom, on level 6.
 You entered the dungeon 4897 turns ago.
 You had 455 experience points, 185 more were needed to attain level 7.

Basics:
 You had 0 out of 60 hit points.
 You had all 22 energy points (spell power).
 Your armor class was 1.
 Your wallet contained 787 zorkmids.
 Autopickup was off.

Final Characteristics:
 Your strength was 10 (peak:11, limit:18/100).
 Your dexterity was 11 (limit:18).
 Your constitution was 17 (limit:18).
 Your intelligence was 12 (limit:18).
 Your wisdom was 9 (limit:18).
 Your charisma was 18 (limit:18).

Final Status:
 You weren't hungry.
 You were burdened; movement was slightly slowed.
 You were bare handed.
 You had basic skill with bare handed combat.

Final Attributes:
 You were piously aligned.
 You were warded.
 Your spell casting was impaired by metallic armor.
 You couldn't change from your current form.
 You had free action.
 You are dead.

Miscellaneous:
 You didn't encounter any bones levels.
 Total elapsed playing time was 38 minutes and 25 seconds.

Major events:
 Turn
    1: DiePARTEI the neutral female human Tourist entered the dungeon
 1847: entered the Gnomish Mines
 2096: attained the rank of Sightseer (level 3)
 3749: attained the rank of Excursionist (level 6)
 4897: killed by a warg

Spells:
 Name                 Level Category     Fail Retention
 light                  1   divination   100%  76%-100%
 cure blindness         2   healing      100%  76%-100%

Skills:
 Fighting Skills
   bare handed combat [Basic]
   two weapon combat  [Unskilled]
   riding             [Unskilled]
 Weapon Skills
   dagger             [Unskilled]
   knife              [Unskilled]
   axe                [Unskilled]
   pick-axe           [Unskilled]
   short sword        [Unskilled]
   broadsword         [Unskilled]
   long sword         [Unskilled]
   two-handed sword   [Unskilled]
   saber              [Unskilled]
   mace               [Unskilled]
   morning star       [Unskilled]
   flail              [Unskilled]
   hammer             [Unskilled]
   quarterstaff       [Unskilled]
   polearms           [Unskilled]
   spear              [Unskilled]
   trident            [Unskilled]
   lance              [Unskilled]
   bow                [Unskilled]
   sling              [Unskilled]
   crossbow           [Unskilled]
   dart               [Skilled]
   shuriken           [Unskilled]
   boomerang          [Unskilled]
   whip               [Unskilled]
   unicorn horn       [Unskilled]
 Spellcasting Skills
   divination spells  [Unskilled]
   enchantment spells [Unskilled]
   escape spells      [Unskilled]

Voluntary challenges:
 Character rerolling was not enabled.
 You never hit with a wielded weapon.
 You never genocided any monsters.
 You never polymorphed an object.
 You never changed form.
 You used no wishes.
Achievements:
 You entered a shop.
 You entered the Gnomish Mines.
 You attained the rank of Sightseer.
 You attained the rank of Excursionist.

 The Dungeons of Doom: levels 1 to 6
    Level 1:
    Level 2:
       A fountain, a grave.
    Level 3:
       An altar.
    Level 4:
       A food shop, a fountain.
       Stairs down to The Gnomish Mines.
    Level 5:
       An altar to The Lady, a fountain, a grave.
    Level 6: <- You were here.
       An altar, a fountain.
       Final resting place for
          you, killed by a warg.
 The Gnomish Mines: levels 5 to 6
    Level 5:
    Level 6:


Vanquished creatures:
  3 gnome mummies
  4 Uruk-hai
  a rock mole
  a gnome leader
  a gray ooze
  4 elf zombies
  a ghoul
  a straw golem
  a paper golem
  a giant ant
  a little dog
  3 floating eyes
  a kitten
  2 dwarves
  a kobold shaman
  a centipede
  a giant bat
  2 dwarf zombies
  2 iguanas
  2 acid blobs
  2 coyotes
  5 gas spores
  2 hobbits
  4 giant rats
  a red mold
 12 gnomes
  2 garter snakes
  5 geckos
  8 jackals
  a fox
  2 kobolds
  3 goblins
  3 sewer rats
  3 grid bugs
  4 bats
  3 lichens
  2 kobold zombies
  7 newts
103 creatures vanquished.

No species were genocided or became extinct.

Game over:
                       ----------
                      /          \
                     /    REST    \
                    /      IN      \
                   /     PEACE      \
                  /                  \
                  |    DiePARTEI     |
                  |      787 Au      |
                  | killed by a warg |
                  |                  |
                  |                  |
                  |                  |
                  |       2026       |
                 *|     *  *  *      | *
        _________)/\\_//(\/(/\)/\//\/|_)_______

Aloha DiePARTEI the Tourist...

You died in The Dungeons of Doom on dungeon level 6 with 2311 points,
and 787 pieces of gold, after 4897 moves.
You were level 6 with a maximum of 60 hit points when you died.

